 Dungeon Crawl Stone Soup version 0.29.1-1-gd02db6906a (webtiles) character file.

Game seed: 4197163713060147629

733 MisterFreud the Twirler (level 8, -2/59 (62) HPs)
             Began as a Formicid Gladiator on Sept 29, 2022.
             Was an Initiate of Yredelemnul.
             Splashed by a jelly's acid (6 damage)
             ... on level 4 of the Dungeon.
             The game lasted 00:06:04 (4502 turns).

MisterFreud the Twirler (Formicid Gladiator)        Turns: 4502, Time: 00:06:05

HP:   -2/59 (62)    AC: -6    Str: 20    XL:     8   Next: 4%
MP:   8/8           EV: 12    Int:  9    God:    Yredelemnul [......]
Gold: 939           SH:  0    Dex: 15    Spells: 7/7 levels left

rFire   + . .      SeeInvis +   a - +1 quarterstaff (venom)
rCold   . . .      Faith    .   (no shield)
rNeg    . . .      Spirit   .   b - +0 leather armour
rPois   .          Reflect  .   (helmet unavailable)
rElec   .          Harm     .   (no cloak)
rCorr   .          Rampage  .   p - +1 pair of gloves
Will    +....                   (no boots)
Stlth   +.........              (no amulet)
HPRegen 0.19/turn               n - ring of willpower
MPRegen 0.11/turn               l - ring of protection from fire

@: corroded, lightly drained
A: permanent stasis, dig shafts and tunnels, antennae 3, four strong arms
a: Dig, Shaft Self, Renounce Religion, Recall Undead Harvest


You were on level 4 of the Dungeon.
You worshipped Yredelemnul.
Yredelemnul was noncommittal.
You visited 2 branches of the dungeon, and saw 6 of its levels.
You also visited: Ossuary.

You collected 939 gold pieces.

Inventory:

Hand Weapons
 a - a +1 quarterstaff of venom (weapon)
Missiles
 c - 3 throwing nets (quivered)
 d - a javelin
 j - 10 poisoned darts
Armour
 b - a +0 leather armour (worn)
 p - a +1 pair of gloves (worn)
 x - the +1 leather armour of Time Monsters {Rampage Drain Int+6}
   (You found it on level 4 of the Dungeon)

   Int:       It affects your intelligence (+6).
   Drain:     It drains your maximum health when unequipped.
   Rampage:   It bestows one free step when moving towards enemies.
Jewellery
 h - a ring of flight
 l - a ring of protection from fire (right hand)
 n - a ring of willpower (left hand)
Wands
 o - a wand of flame (16)
Scrolls
 q - 2 scrolls of enchant weapon
 s - a scroll of brand weapon
 v - a scroll of summoning
Potions
 e - 2 potions of flight
 f - 2 potions of magic
 g - 5 potions of curing
 i - 4 potions of cancellation
 k - a potion of attraction {unknown}
 m - 2 potions of lignification
 r - a potion of haste {unknown}
 t - 2 potions of ambrosia
 u - a potion of berserk rage {unknown}
 w - a potion of heal wounds {unknown}


   Skills:
 - Level 5.0 Fighting
 + Level 6.1 Staves
 - Level 2.0 Throwing
 - Level 5.0 Armour
 - Level 2.6 Dodging


You had 7 spell levels left.
You didn't know any spells.
Your spell library contained the following spells:

 Spells                   Type           Power      Damage    Failure   Level
 Freeze                   Ice            0%         1d3       43%         1
 Sting                    Tmut/Pois      0%         1d3       43%         1
 Ensorcelled Hibernation  Hex/Ice        0%         N/A       56%         2
 Passwall                 Tmut/Erth      0%         N/A       56%         2
 Poisonous Vapours        Pois/Air       0%         N/A       56%         2
 Frozen Ramparts          Ice            0%         1d1       80%         3
 Hailstorm                Conj/Ice       0%         3d3       99%         4
 Olgreb's Toxic Radiance  Pois           0%         N/A       99%         4
 Swiftness                Air            Unusable   N/A       N/A         3

Dungeon Overview and Level Annotations

Branches:
Dungeon (5/15)             Temple (1/1) D:4         Ossuary (visited)

Altars:
Ashenzari
Cheibriados
Elyvilon
Hepliaklqana
Kikubaaqudgha
Nemelex Xobeh
Qazlal
Sif Muna
Trog
Uskayaw
Vehumet
Wu Jian
Yredelemnul
Zin
The Shining One

Shops:
D:1 :

Annotations:
D:1 1 transporter


Innate Abilities, Weirdness & Mutations

You cannot be hasted, slowed, berserked, paralysed or teleported.
You can dig through walls and to a lower floor.
You have a pair of large antennae on your head. (SInv)
Your four strong arms can wield two-handed weapons with a shield.


Message History

The jelly barely misses you.
You hit the jelly.
Your hands burn!
The jelly is lightly wounded.
The jelly hits you but does no damage. The iguana barely misses you.
The orc shouts!
You hit the jelly.
Your hands burn!
The jelly is lightly wounded.
The jelly hits you but does no damage. The gnoll barely misses you.
The iguana bites you but does no damage.
You hit the jelly.
The jelly is poisoned.
The acid corrodes you!
Your hands burn!
The jelly is heavily wounded.
The gnoll barely misses you. The jelly misses you. The iguana bites you.
You barely miss the jelly.
The jelly is heavily wounded.
The jelly hits you. The acid corrodes you!
You are splashed with acid!
The gnoll misses you. The iguana barely misses you.
The gnoll completely misses you.
The iguana hisses menacingly.
The iguana bites you.
There is a stone staircase leading up here.
The jelly hits you.
You are splashed with acid!
You climb upwards.
There is a stone staircase leading down here.
You hit the jelly but do no damage.
The jelly looks even sicker.
Your hands burn!
The jelly is almost dead.
The jelly hits you.
* * * LOW HITPOINT WARNING * * *
The acid corrodes you!
You are splashed with acid!
* * * LOW HITPOINT WARNING * * *
You hit the jelly but do no damage.
The jelly looks as sick as possible!
Your hands burn!
* * * LOW HITPOINT WARNING * * *
The jelly is almost dead.
The jelly hits you.
* * * LOW HITPOINT WARNING * * *
The acid corrodes you!
You are splashed with acid.
You die...
Your body rises from the dead as a mindless zombie.

...#................#####.#......
####.........................####
####............####....#..###
##...#..........####.......##
#..##................###....###
..###.....[.........####....Z.###
.## #.....[......................
.#####.....##<[..................
...# ##........J@................
...# #######....................
...# #...>................ ####
#....................
#....................
#....................
#................##..
###################.. #..


You could see a jelly (extremely poisoned).

Vanquished Creatures
  A bullfrog (D:4)
  5 water moccasin zombies (Ossuary)
  2 iguanas (D:4)
  3 orc wizards
  Terence (D:3)
  2 mummies (Ossuary)
  A gnoll (D:5)
  9 adders
  A shadow imp (D:4)
  3 adder zombies (Ossuary)
  4 worms
  7 dart slugs
  9 orcs
  A ball python (D:2)
  10 endoplasms
  2 giant cockroaches
  3 gnoll zombies (Ossuary)
  4 goblins
  8 hobgoblins
  3 kobolds
  A quokka (D:4)
  6 bats
  3 frilled lizards
  6 hobgoblin zombies (Ossuary)
  6 kobold zombies (Ossuary)
  2 orc zombies (Ossuary)
  9 rats
112 creatures vanquished.

Notes
Turn   | Place    | Note
-------+----------+-------------------------------------------
     0 | D:1      | MisterFreud the Formicid Gladiator began the quest for the
                  | Orb.
     0 | D:1      | Reached XP level 1. HP: 16/16 MP: 1/1
    73 | D:1      | Found Viahiphouf's Book Shoppe.
   396 | D:1      | Reached XP level 2. HP: 22/22 MP: 2/2
   733 | D:1      | Found a faded altar of an unknown god.
  1060 | D:1      | Identified a scroll of acquirement
  1060 | D:1      | Acquired 679 gold pieces
  1102 | D:2      | Reached skill level 4 in Staves
  1102 | D:2      | Reached XP level 3. HP: 27/27 MP: 3/3
  1196 | D:2      | Found a broken altar of Ashenzari.
  1394 | D:2      | Reached XP level 4. HP: 33/33 MP: 4/4
  1641 | D:2      | Reached skill level 5 in Staves
  2013 | D:3      | Reached XP level 5. HP: 38/38 MP: 5/5
  2057 | D:3      | Noticed Terence
  2064 | D:3      | Killed Terence
  2201 | D:3      | Reached skill level 6 in Staves
  2216 | D:3      | Reached skill level 1 in Armour
  2216 | D:3      | Reached XP level 6. HP: 37/46 MP: 6/6
  2687 | D:4      | Found a sand-covered staircase.
  2695 | Ossuary  | Entered an ossuary
  2862 | Ossuary  | Reached XP level 7. HP: 44/53 MP: 7/7
  3467 | Ossuary  | Reached skill level 5 in Fighting
  3935 | D:4      | Found a staircase to the Ecumenical Temple.
  3949 | Temple   | Entered the Ecumenical Temple
  3956 | Temple   | Became a worshipper of Yredelemnul the Dark
  4059 | D:4      | Reached skill level 5 in Armour
  4156 | D:4      | Reached XP level 8. HP: 62/62 MP: 8/8
  4374 | D:4      | Identified the +1 leather armour of Time Monsters {Rampage
                  | Drain Int+6}
  4457 | D:5      | Entered Level 5 of the Dungeon
  4502 | D:4      | Splashed by a jelly's acid

Illustrated notes

Levels and vault maps discovered:
D:1:      spicycebolla_arrival_risky_transporter, layout_loops_ring,
          serial_shops, nicolae_shop_crystal,
          hellmonk_ecumenical_altar_slurped_away, minmay_tall_x
D:2:      layout_loops_ring, basic_altar, amethyst_killhole, corner_web_ring
D:3:      layout_rooms, serial_glass, glass_columns_b, glass_columns_b,
          chequers_serial_rivers_micro_d, grunt_ministairs_11, uniq_terence
D:4:      layout_rooms, minmay_temple_entry_wispy, chequers_ossuary_entry_cave,
          serial_glass, glass_columns_c, glass_columns_b,
          nicolae_figureground_sparkle
D:5:      layout_rooms, chequers_temple_overflow_statue_of_worship
Temple:   minmay_freezing_vapour_temple

Skill      XL: |  1  2  3  4  5  6  7 |
---------------+----------------------+-----
Staves         | 4 5 6 |  6.1
Armour         | 1 3 5 |  5.0
Fighting       | 3 5 |  5.0
Throwing       | |  2.0
Dodging        | |  2.6

Action                   |  1- 3 |  4- 6 |  7- 9 || total
-------------------------+-------+-------+-------++-------
Melee: Quarterstaff      |    48 |   137 |   148 ||   333
       Punch             |       |     1 |     1 ||     2
 Abil: Dig               |       |       |     1 ||     1
  Use: Scroll            |     8 |     3 |     3 ||    14
       Potion            |       |       |     2 ||     2
 Stab: Sleeping          |     3 |     2 |       ||     5
Armor: Leather armour    |    12 |    33 |    21 ||    66
Dodge: Dodged            |    28 |    77 |    73 ||   178
